 Dungeon Crawl Stone Soup version 0.30.0-29-ga12c61a403 (webtiles) character file.

Game seed: 1347374172239187609

271206 bmack86 the Slayer (level 19, -4/195 HPs)
             Began as a Minotaur Fighter on June 10, 2023.
             Was an Initiate of Gozag.
             Slain by Sojobo
             ... wielding a +1 great sword of electrocution
              (19 damage)
             ... while paralysed by an air elemental
             ... on level 2 of the Vaults.
             The game lasted 02:20:25 (31004 turns).

bmack86 the Slayer (Minotaur Fighter)              Turns: 31004, Time: 02:20:25

Health: -4/195     AC: 33    Str: 28    XL:     19   Next: 44%
Magic:  16/18      EV:  2    Int:  5    God:    Gozag
Gold:   8730       SH:  0    Dex: 11    Spells: 18/18 levels left

rFire   x . .        W - +5 broad axe (flame)
rCold   . . .        Q - +2 kite shield {reflect}
rNeg    + + +        F - +4 plate armour
rPois   +            J - +2 hat
rElec   +            g - +2 cloak
rCorr   +            S - +1 pair of gloves
SInv    .            Y - +0 pair of boots
Will    ++...        A - amulet of regeneration Stlth
                     T - ring of Cuesam {rElec rF- rN+++ Will+ EV+5}
HPRegen 1.32/turn    q - ring of Byxt {rPois rN++ rCorr}
MPRegen 0.16/turn

%: reflection
@: paralysed, mighty, gold aura, on berserk cooldown, slowed, studying Ice
Magic, invisible
A: horns 2, retaliatory headbutt, screaming 1
}: 2/15 runes: decaying, serpentine
a: Renounce Religion, Potion Petition, Call Merchant, Bribe Branch


You were on level 2 of the Vaults.
You worshipped Gozag.
Gozag was greatly pleased with you.
You visited 7 branches of the dungeon, and saw 33 of its levels.
You also visited: Bailey, Ice Cave and Volcano.

You collected 14931 gold pieces.
You spent 785 gold pieces at shops.
You paid 5416 gold pieces to Gozag.

Inventory:

Hand Weapons
 W - a +5 broad axe of flaming (weapon)
Missiles
 u - 3 throwing nets
 w - 43 boomerangs (quivered)
 x - 16 javelins
Armour
 g - a +2 cloak (worn)
 F - a +4 plate armour (worn)
 J - a +2 hat (worn)
 Q - a +2 kite shield of reflection (worn)
 S - a +1 pair of gloves (worn)
 Y - a +0 pair of boots (worn)
Jewellery
 a - a ring of positive energy
 h - a ring of flight
 l - the ring "Munumiez" {rF+ Will+ Dex+3}
   (You found it on level 2 of the Dungeon)

   [ring of willpower]

   Dex:       It affects your dexterity (+3).
   rF:        It protects you from fire.
   Will:      It increases your willpower.
 o - a ring of protection from cold
 q - the ring of Byxt (right hand) {rPois rN++ rCorr}
   (You found it on level 7 of the Dungeon)

   [ring of poison resistance]

   rPois:     It protects you from poison.
   rN:        It greatly protects you from negative energy.
   rCorr:     It protects you from acid and corrosion.
 z - a ring of willpower
 A - an amulet of regeneration (around neck)
 B - a +6 ring of dexterity
 L - a +6 ring of intelligence
 T - the ring of Cuesam (left hand) {rElec rF- rN+++ Will+ EV+5}
   (You acquired it on level 1 of the Swamp)

   [ring of evasion]

   EV:        It affects your evasion (+5).
   rF:        It makes you vulnerable to fire.
   rElec:     It insulates you from electricity.
   rN:        It renders you almost immune to negative energy.
   Will:      It increases your willpower.
 V - a ring of see invisible
Wands
 b - a wand of mindburst (6)
 i - a wand of paralysis (33)
 k - a wand of polymorph (11)
 p - a wand of iceblast (14)
 y - a wand of flame (19)
 D - a wand of quicksilver (6)
 K - a wand of digging (5)
Scrolls
 m - a scroll of magic mapping
 r - 2 scrolls of brand weapon
 s - 4 scrolls of fear
 t - 19 scrolls of identify
 H - 2 scrolls of silence
 I - 5 scrolls of fog
 O - 4 scrolls of blinking
 P - 13 scrolls of teleportation
 R - 4 scrolls of summoning
Potions
 c - 2 potions of berserk rage
 d - 6 potions of might
 e - 8 potions of lignification
 f - 4 potions of mutation
 j - 11 potions of curing
 n - 4 potions of ambrosia
 v - 2 potions of resistance
 C - 5 potions of cancellation
 E - 11 potions of flight
 G - 6 potions of brilliance
 M - 2 potions of heal wounds


   Skills:
 + Level 23.1 Fighting
 + Level 21.5 Axes
 - Level 10.0 Throwing
 - Level 20.0 Armour
 - Level 13.7 Shields
 + Level 10.1 Evocations


You had 18 spell levels left.
You didn't know any spells.
Your spell library contained the following spells:

 Spells                   Type           Power      Damage    Failure   Level
 Foxfire                  Conj/Fire      0%         2x1d4     98%         1
 Magic Dart               Conj           0%         1d3       98%         1
 Slow                     Hex            0%         N/A       98%         1
 Sting                    Tmut/Pois      0%         1d3       98%         1
 Lesser Beckoning         Tloc           0%         N/A       99%         2
 Poisonous Vapours        Pois/Air       0%         N/A       99%         2
 Searing Ray              Conj           0%         2d4       99%         2
 Call Canine Familiar     Summ           0%         N/A       100%        3
 Confusing Touch          Hex            0%         N/A       100%        3
 Dazzling Flash           Conj/Hex       0%         N/A       100%        3
 Frozen Ramparts          Ice            0%         1d1       100%        3
 Gell's Gravitas          Tloc           0%         N/A       100%        3
 Hailstorm                Conj/Ice       0%         3d3       100%        3
 Inner Flame              Hex/Fire       0%         N/A       100%        3
 Ozocubu's Armour         Ice            0%         N/A       100%        3
 Portal Projectile        Hex/Tloc       0%         N/A       100%        3
 Stone Arrow              Conj/Erth      0%         3d7       100%        3
 Swiftness                Air            0%         N/A       100%        3
 Teleport Other           Tloc           0%         N/A       100%        3
 Vampiric Draining        Necr           0%         2d6       100%        3
 Animate Armour           Summ/Erth      0%         N/A       100%        4
 Flame Wave               Conj/Fire      0%         2d4       100%        4
 Fulminant Prism          Conj/Hex       0%         3d5       100%        4
 Ice Form                 Ice/Tmut       0%         N/A       100%        4
 Leda's Liquefaction      Hex/Erth       0%         N/A       100%        4
 Olgreb's Toxic Radiance  Pois           0%         N/A       100%        4
 Sticky Flame             Conj/Fire      0%         2d3       100%        4
 Summon Ice Beast         Ice/Summ       0%         N/A       100%        4
 Agony                    Necr           0%         N/A       100%        5
 Fireball                 Conj/Fire      0%         3d3       100%        5
 Iskenderun's Battlesphe  Conj           0%         2d6       100%        5
 Lee's Rapid Deconstruct  Erth           0%         3d4*      100%        5
 Silence                  Hex/Air        0%         N/A       100%        5
 Conjure Ball Lightning   Conj/Air       0%         3x3d6     100%        6
 Iron Shot                Conj/Erth      0%         9d1       100%        6
 Plasma Beam              Fire/Air       0%         2x1d11    100%        6
 Starburst                Conj/Fire      0%         6d3       100%        6
 Statue Form              Tmut/Erth      0%         N/A       100%        6
 Orb of Destruction       Conj           0%         9d5       100%        7
 Ozocubu's Refrigeration  Ice            0%         4d7       100%        7
 Lehudib's Crystal Spear  Conj/Erth      0%         10d2      100%        8
 Polar Vortex             Ice            0%         N/A       100%        9
 Simulacrum               Ice/Necr       Unusable   N/A       N/A         6

Dungeon Overview and Level Annotations

Branches:
Dungeon (15/15)            Temple (1/1) D:7            Lair (5/5) D:8
  Swamp (4/4) Lair:3        Snake (4/4) Lair:2        Slime (0/5) Lair:5
    Orc (2/2) D:12            Elf (0/3) Orc:2        Vaults (2/5) D:13
 Depths (0/4) D:15         Bailey (visited)           IceCv (visited)
Volcano (visited)
  Crypt: Vaults:2-3

Altars:
Ashenzari
Cheibriados
Dithmenos
Elyvilon
Fedhas
Gozag
Hepliaklqana
Kikubaaqudgha
Makhleb
Nemelex Xobeh
Okawaru
Qazlal
Ru
Sif Muna
Trog
Uskayaw
Vehumet
Wu Jian
Xom
Yredelemnul
Zin
The Shining One
Jiyva
Lugonu

Shops:
D:3 =   D:5 ?   D:7 (   D:9 !=   D:12 [   D:15 !   Orc:1 [   Orc:2 =*(*:

Portals:
Abyss: Lair:5
Pandemonium: Orc:2

Annotations:
D:7 2 runed translucent doors
Vaults:2 Sojobo


Innate Abilities, Weirdness & Mutations

You have a pair of horns on your head.
You reflexively headbutt those who attack you in melee.
You occasionally shout uncontrollably at your foes.


Message History

Things that are here:
5 gold pieces; a +0 glaive of flaming; a +3 ring mail of cold resistance You feel a strong urge to attack something.
You feel sick.
You are no longer poisoned.
You hit Sojobo.
Sojobo is no longer distracted by gold.
Sojobo is lightly wounded.
Sojobo hits you but does no damage. You block Sojobo's attack.
Sojobo claws you.
* * * LOW HITPOINT WARNING * * *
You completely miss Sojobo. Your headbutt misses Sojobo.
Sojobo is lightly wounded.
You miss Sojobo.
Sojobo is lightly wounded.
Sojobo waves her feathered arms in wide circles.
* * * LOW HITPOINT WARNING * * *
You slice Sojobo!! You burn Sojobo.
Sojobo is lightly wounded.
You miss Sojobo. Your headbutt misses Sojobo.
Sojobo is lightly wounded.
Sojobo points at you and mumbles some strange words.
The bolt of lightning hits you. You resist.
* * * LOW HITPOINT WARNING * * *
You slice Sojobo!! You burn Sojobo.
Sojobo is moderately wounded.
You are no longer berserk.
You are exhausted.
You feel yourself slow down.
Sojobo casts a spell.
You miss Sojobo.
Sojobo is moderately wounded.
You slice the air elemental!! You burn the air elemental!
You destroy the air elemental!
The air elemental disappears in a puff of smoke!
The air elemental fires a burst of electricity at you.
The stunning burst hits you but does no damage.
You suddenly lose the ability to move!
Sojobo hits you with a +1 great sword of electrocution!!
You die...
Your body crumbles into a pile of gold.

######### ... ...#...#
... .......##########
###... ...#...#.........
..##.###.###$##.........
..#...#...#..$#.........
..#...#...#.$$$$@ยง......
..#...#...#...#$QE....[.
..##[###.###.##.........
..'...#...#...#####'####
###...........# ...
#...#...#>..# ...
####'########## ...
............ ...
............


You could see Sojobo (repels missiles) and an air elemental (summoned).

Vanquished Creatures
  Saint Roka (Snake:3)
  Nikola (Snake:2)
  Rupert (Lair:3)
  Jorgrun (Snake:2)
  Mlioglotl (Swamp:1)
  Gastronok (Lair:3)
  Frances (Snake:2)
  A thorn hunter (Swamp:4)
  Roxanne (Snake:1)
  A fenstrider witch (Swamp:3)
  2 tengu reavers (Vaults:2)
  6 nagarajas
  6 ironbound preservers (Vaults:1)
  2 vault wardens (Vaults:1)
  3 very ugly things
  2 ghouls
  2 ironbound thunderhulks
  6 eleionomae
  8 bunyips
  6 dire elephants (Vaults:1)
  Snorg (Orc:1)
  2 great orbs of eyes
  3 yaktaur captains (Vaults:1)
  Fannar (Lair:2)
  2 shambling mangroves
  Harold (D:11)
  Josephine (D:14)
  3 salamander tyrants (Snake:4)
  18 hydras
  An ice dragon (Swamp:4)
  A rakshasa (D:15)
  5 ironbound frosthearts
  16 anacondas
  3 demonspawn (Orc:2)
  4 two-headed ogres
  5 boulder beetles
  3 alligators
  7 centaur warriors
  A tengu warrior (D:15)
  16 naga warriors
  4 orc high priests (Orc:2)
  Urug (Lair:3)
  4 death yaks (Lair:4)
  3 thrashing horrors (Lair:5)
  15 naga sharpshooters
  8 shock serpents
  Nergalle (Lair:2)
  A sun demon (Volcano)
  Sonja (Lair:5)
  A skeletal warrior (D:13)
  4 spriggan druids (Swamp:4)
  2 salamander mystics (Snake:4)
  4 goliath frogs
  9 naga ritualists
  25 deep trolls (Vaults:1)
  7 sea snakes (Snake:3)
  10 bog bodies
  An ironbound convoker (Vaults:1)
  13 lindwurms
  5 orc knights
  13 swamp dragons
  A necromancer (D:10)
  3 wizards (Vaults:1)
  A deep elf pyromancer (D:13)
  15 salamanders
  4 harpies (Vaults:1)
  5 cyclopes
  16 ugly things
  12 mana vipers
  2 will-o-the-wisps
  A wolf spider (shapeshifter) (D:15)
  4 manticores
  11 orc sorcerers
  Maurice (D:11)
  10 elephants
  Joseph (D:7)
  A smoke demon (Lair:5)
  41 black mambas
  4 guardian serpents
  A vault sentinel (Vaults:1)
  5 torpor snails
  An ice statue (IceCv)
  16 naga magi
  7 cane toads
  2 gargoyles
  2 kobold demonologists (D:7)
  3 centaur skeletons (D:13)
  A rime drake (Lair:2)
  An anaconda simulacrum (IceCv)
  9 komodo dragons
  11 yaktaurs
  2 ice devils
  3 ancient zymes (Lair:5)
  3 red devils
  A tengu conjurer (D:15)
  15 tyrant leeches
  A polar bear (shapeshifter) (D:15)
  12 hornets
  A polar bear (Lair:1)
  Grinder (D:3)
  11 trolls
  20 blink frogs
  10 slime creatures
  9 dream sheep (Lair:5)
  A vampire (D:14)
  A ynoxinul (Orc:2)
  11 spriggans
  A shadow (D:12)
  A wyvern (Lair:1)
  A human (D:12)
  63 yaks
  3 chaos spawn (Lair:5)
  3 hogs (D:12)
  9 wraiths
  3 death yak simulacra (IceCv)
  A dire elephant simulacrum (IceCv)
  8 basilisks
  5 vampire mosquitoes
  5 steam dragons
  2 large abominations (Lair:5)
  Menkaure (D:6)
  2 wargs (Orc:1)
  2 neqoxecs (Orc:2)
  A swamp worm (shapeshifter) (Lair:5)
  A harpy simulacrum (IceCv)
  64 nagas
  13 swamp worms
  2 acid dragons
  12 water moccasins
  3 ice beasts
  37 orc warriors
  3 sky beasts
  A hornet zombie (D:7)
  9 swamp drakes
  8 black bears
  9 centaurs
  3 boggarts (D:14)
  5 ogres
  6 wolves (Lair:1)
  7 small abominations (Lair:5)
  2 phantoms
  6 kobold brigands
  15 bullfrogs
  3 wyvern zombies (D:7)
  3 necrophages
  2 cane toad simulacra (IceCv)
  A gnoll sergeant (D:9)
  5 scorpions
  4 two-headed ogre simulacra (IceCv)
  13 wights
  3 troll zombies (D:12)
  A killer bee (D:7)
  2 elephant simulacra (IceCv)
  11 howler monkeys
  An electric eel (Lair:2)
  3 lava snakes (Lair:2)
  A human zombie (D:7)
  24 orc priests
  4 gnoll boudas
  A hound (D:6)
  6 jellies
  3 sleepcaps
  5 iguanas
  20 orc wizards
  2 yak simulacra (D:10)
  A boggart skeleton (D:13)
  A killer bee zombie (D:7)
  6 polar bear simulacra
  7 spriggan simulacra (IceCv)
  4 troll simulacra (IceCv)
  6 wolf simulacra
  5 ogre zombies (D:12)
  3 mummies (D:7)
  5 adders
  25 gnolls
  4 naga simulacra (IceCv)
  A shadow imp (D:7)
  10 white imps
  7 ufetubi
  A worm (D:3)
  3 dart slugs
  73 orcs
  8 ball pythons
  6 bats
  7 endoplasms
  A giant cockroach (D:1)
  9 goblins
  14 hobgoblins
  4 jackals (D:1)
  5 quokkas
  4 frilled lizards
  4 goblin zombies (D:12)
  2 hobgoblin skeletons (D:12)
  2 hobgoblin zombies (D:12)
  33 kobolds
  4 orc skeletons (D:12)
  13 orc zombies (D:12)
  4 rats
  4 river rat simulacra (D:10)
1294 creatures vanquished.

Vanquished Creatures (others)
  A naga warrior (Snake:4)
  A naga sharpshooter (Snake:2)
  A naga mage (Snake:4)
  3 nagas (Snake:2)
  A swamp drake (Swamp:4)
  8 foxfires
15 creatures vanquished.

Grand Total: 1309 creatures vanquished

Notes
Turn   | Place    | Note
-------+----------+-------------------------------------------
     0 | D:1      | bmack86 the Minotaur Fighter began the quest for the Orb.
     0 | D:1      | Reached XP level 1. HP: 19/19 MP: 0/0
    73 | D:1      | Reached XP level 2. HP: 26/26 MP: 1/1
   839 | D:2      | Reached XP level 3. HP: 31/31 MP: 2/2
   967 | D:2      | Identified the ring "Munumiez" {rF+ Will+ Dex+3}
  1213 | D:2      | Reached skill level 5 in Axes
  1492 | D:3      | Reached XP level 4. HP: 38/39 MP: 3/3
  1724 | D:3      | Noticed Grinder
  1734 | D:3      | Paralysed by Grinder for 3 turns
  1739 | D:3      | Killed Grinder
  1740 | D:3      | Reached XP level 5. HP: 37/45 MP: 4/4
  1740 | D:3      | Reached XP level 6. HP: 42/51 MP: 5/5
  2021 | D:3      | Found Ocaeduorph's Jewellery Shoppe.
  2450 | D:4      | Reached XP level 7. HP: 34/57 MP: 6/6
  3175 | D:5      | Entered Level 5 of the Dungeon
  3181 | D:5      | Reached skill level 10 in Axes
  3428 | D:5      | Reached XP level 8. HP: 48/64 MP: 7/7
  3540 | D:5      | Found The Oracle's Delphic Readings.
  4009 | D:6      | Found a snail-covered altar of Cheibriados.
  4321 | D:6      | Found a shadowy altar of Dithmenos.
  4322 | D:6      | Noticed Menkaure
  4329 | D:6      | Killed Menkaure
  4431 | D:6      | Identified the +1 quarterstaff "Newtbane" {holy, rElec
                  | Dex+4 Stlth+}
  4514 | D:6      | Reached XP level 9. HP: 70/70 MP: 8/8
  4810 | D:7      | Noticed Joseph
  4825 | D:7      | Killed Joseph
  4826 | D:7      | Reached skill level 4 in Fighting
  4832 | D:7      | Found a staircase to the Ecumenical Temple.
  4853 | Temple   | Entered the Ecumenical Temple
  4863 | Temple   | Became a worshipper of Gozag Ym Sagoz the Greedy
  4921 | D:7      | Reached skill level 5 in Fighting
  4921 | D:7      | Reached skill level 5 in Armour
  4921 | D:7      | Reached skill level 5 in Shields
  5034 | D:7      | Found a flagged portal.
  5065 | Bailey   | Entered a bailey
  5378 | Bailey   | Reached skill level 6 in Fighting
  5640 | D:7      | Found a basalt altar of Yredelemnul.
  5658 | D:7      | Reached XP level 10. HP: 84/84 MP: 9/9
  5687 | D:7      | Found Vimy's Weapon Shoppe.
  5770 | D:7      | Found a large runed translucent door.
  5770 | D:7      | Found a large runed translucent door.
  5787 | D:7      | Noticed a manticore
  5788 | D:7      | Reached skill level 7 in Fighting
  5795 | D:7      | Killed a manticore
  5841 | D:7      | Noticed a two-headed ogre
  5847 | D:7      | Found a large runed translucent door.
  5847 | D:7      | Found a large runed translucent door.
  5924 | D:7      | Identified the ring of Byxt {rPois rN++ rCorr}
  5990 | D:7      | Reached skill level 8 in Fighting
  6054 | D:7      | Noticed a two-headed ogre
  6063 | D:7      | Killed a two-headed ogre
  6076 | D:7      | Noticed a boulder beetle
  6092 | D:7      | Noticed a cyan ugly thing
  6099 | D:7      | Killed a boulder beetle
  6100 | D:7      | Reached skill level 9 in Fighting
  6118 | D:7      | Reached XP level 11. HP: 70/97 MP: 10/10
  6123 | D:7      | Killed a cyan ugly thing
  6137 | D:7      | Noticed a sixfirhy
  6146 | D:7      | Found the +8 frozen axe "Frostbite" {freeze, freezing
                  | cloud, *Noise Fly rC+}
  6209 | D:7      | Identified the +7 falchion "bmack86's Regret" {heavy, rF+}
  6217 | D:7      | Identified the staff of poison "Zyestoon" {rPois Will+}
  6487 | D:7      | Killed a two-headed ogre
  6645 | D:8      | Noticed a two-headed ogre
  6653 | D:8      | Reached skill level 10 in Armour
  6657 | D:8      | Killed a two-headed ogre
  6658 | D:8      | Reached skill level 10 in Fighting
  6790 | D:8      | Identified the +11 dagger "Ovvel" {freeze, Drain Str+5
                  | Int+2}
  6929 | D:8      | Found a staircase to the Lair.
  7013 | D:8      | Found a shimmering altar of Xom.
  7636 | D:9      | Reached skill level 15 in Axes
  7650 | D:9      | Found Arreexuo's Distillery.
  7759 | D:9      | Found Xojil's Jewellery Shoppe.
  8089 | D:10     | Entered Level 10 of the Dungeon
  8157 | D:10     | Noticed a two-headed ogre
  8161 | D:10     | Killed a two-headed ogre
  8252 | D:10     | Reached skill level 11 in Fighting
  8357 | D:10     | Found a shimmering blue altar of Sif Muna.
  8576 | D:10     | Noticed a necromancer
  8582 | D:10     | Killed a necromancer
  8583 | D:10     | Reached XP level 12. HP: 97/110 MP: 11/11
  8900 | D:11     | Noticed Harold
  8913 | D:11     | Killed Harold
  9278 | D:11     | Noticed Maurice
  9285 | D:11     | Killed Maurice
  9375 | D:12     | Noticed a boulder beetle
  9386 | D:12     | Killed a boulder beetle
  9496 | D:12     | Reached skill level 12 in Fighting
  9497 | D:12     | Reached skill level 10 in Shields
  9498 | D:12     | Found a staircase to the Orcish Mines.
  9759 | D:12     | Found Koc Liem's Antique Armour Emporium.
  9767 | D:12     | Bought a heavily runed kite shield for 370 gold pieces
  9767 | D:12     | Identified the +0 kite shield "Sobeveyl" {Harm} (You bought
                  | it in a shop on level 12 of the Dungeon)
 10099 | D:13     | Noticed a centaur warrior
 10108 | D:13     | Killed a centaur warrior
 10110 | D:13     | Noticed a centaur warrior
 10117 | D:13     | Killed a centaur warrior
 10152 | D:13     | Noticed a boulder beetle
 10178 | D:13     | Killed a boulder beetle
 10316 | D:13     | Noticed a five-headed hydra
 10323 | D:13     | Reached XP level 13. HP: 73/119 MP: 12/12
 10569 | D:13     | Found a stormy altar of Qazlal.
 10757 | D:13     | Reached skill level 13 in Fighting
 10920 | D:13     | Found a gate to the Vaults.
 11328 | D:14     | Noticed Josephine
 11336 | D:14     | Killed Josephine
 11931 | D:15     | Entered Level 15 of the Dungeon
 12091 | D:15     | Found a broken altar of Ashenzari.
 12112 | D:15     | Found Imias's Distillery.
 12263 | D:15     | Reached skill level 14 in Fighting
 12276 | D:15     | Found a staircase to the Depths.
 12871 | Lair:1   | Entered Level 1 of the Lair of Beasts
 12927 | Lair:1   | Reached XP level 14. HP: 133/133 MP: 13/13
 13745 | Lair:2   | Noticed Nergalle
 13758 | Lair:2   | Killed Nergalle
 13873 | Lair:2   | Found a staircase to the Snake Pit.
 14025 | Lair:2   | Found a glowing golden altar of the Shining One.
 14113 | Lair:2   | Found a snail-covered altar of Cheibriados.
 14183 | Lair:2   | Noticed Fannar
 14194 | Lair:2   | Killed Fannar
 14197 | Lair:2   | Reached skill level 15 in Armour
 14214 | Lair:2   | Reached skill level 15 in Fighting
 14772 | Lair:3   | Noticed Urug
 14779 | Lair:3   | Killed Urug
 14863 | Lair:3   | Reached skill level 1 in Throwing
 14996 | Lair:3   | Noticed Rupert
 15009 | Lair:3   | Killed Rupert
 15155 | Lair:3   | Found a staircase to the Swamp.
 15184 | Lair:3   | You fall into a shaft and drop 2 floors!
 15184 | Lair:5   | Entered Level 5 of the Lair of Beasts
 15208 | Lair:5   | Noticed Sonja
 15307 | Lair:4   | Found a frozen archway.
 15314 | Lair:4   | Reached skill level 16 in Fighting
 15398 | Lair:4   | Found a dark tunnel.
 15405 | Volcano  | Entered a volcano
 15598 | Lair:4   | Reached XP level 15. HP: 144/144 MP: 14/14
 15628 | IceCv    | Entered an ice cave
 16018 | IceCv    | Reached skill level 5 in Throwing
 16124 | IceCv    | Got the Excursus on Violent Austromancy
 16931 | Lair:3   | Noticed Gastronok
 16945 | Lair:3   | Killed Gastronok
 17210 | Lair:5   | Found a viscous altar of Jiyva.
 17210 | Lair:5   | Found a staircase to the Slime Pits.
 17243 | Lair:5   | Killed Sonja
 18011 | Lair:5   | Reached skill level 17 in Fighting
 18041 | Lair:5   | Found a corrupted altar of Lugonu.
 18041 | Lair:5   | Found a one-way gate to the infinite horrors of the Abyss.
 18615 | Orc:1    | Entered Level 1 of the Orcish Mines
 18732 | Orc:2    | Entered Level 2 of the Orcish Mines
 18870 | Orc:2    | Found Dejus's Book Emporium.
 18991 | Orc:2    | Found Ekhlol's General Store.
 18994 | Orc:2    | Found Joathry's General Store.
 19118 | Orc:2    | Bought a scroll of blinking for 75 gold pieces
 19118 | Orc:2    | Bought a scroll of silence for 95 gold pieces
 19124 | Orc:2    | Found a staircase to the Elven Halls.
 19543 | Orc:2    | Gained mutation: You occasionally shout uncontrollably at
                  | your foes. [a neqoxec]
 19572 | Orc:2    | Found Qaownar's Jewellery Shop.
 19572 | Orc:2    | Found Vionkov's Antique Weapon Boutique.
 19572 | Orc:2    | Found a one-way gate leading to the halls of Pandemonium.
 19586 | Orc:2    | Bought a ring of flight for 245 gold pieces
 19943 | Orc:1    | Found Yzou's Armour Shop.
 19950 | Orc:1    | Noticed Snorg
 19963 | Orc:1    | Killed Snorg
 20101 | Orc:1    | Found a bloodstained altar of Trog.
 20482 | Swamp:1  | Entered Level 1 of the Swamp
 20489 | Swamp:1  | Reached XP level 16. HP: 157/157 MP: 15/15
 20503 | Swamp:1  | Noticed Mlioglotl
 20514 | Swamp:1  | Killed Mlioglotl
 20642 | Swamp:1  | Reached skill level 18 in Fighting
 21154 | Swamp:1  | Identified a scroll of acquirement
 21164 | Swamp:1  | Acquired the ring of Cuesam {rElec rF- rN+++ Will+ EV+5}
 21392 | Swamp:2  | You are sucked into a shaft and drop 1 floor!
 21420 | Swamp:3  | Identified the +0 scale mail "Keicw" {rElec}
 21963 | Swamp:4  | Entered Level 4 of the Swamp
 22122 | Swamp:4  | Noticed a thorn hunter
 22141 | Swamp:4  | Killed a thorn hunter
 22142 | Swamp:4  | Reached skill level 10 in Throwing
 22242 | Swamp:4  | Reached skill level 19 in Fighting
 22680 | Swamp:4  | Got a decaying rune of Zot
 23206 | Swamp:2  | Reached XP level 17. HP: 167/169 MP: 16/16
 23899 | Snake:1  | Entered Level 1 of the Snake Pit
 23919 | Snake:1  | Reached skill level 20 in Fighting
 24100 | Snake:1  | Found a runed translucent gate.
 24100 | Snake:1  | Found a runed translucent gate.
 24100 | Snake:1  | Found a runed translucent gate.
 24106 | Snake:1  | Reached skill level 1 in Evocations
 24288 | Snake:1  | Noticed Roxanne
 24314 | Snake:1  | Killed Roxanne
 25198 | Snake:2  | Noticed Frances
 25215 | Snake:2  | Killed Frances
 25775 | Snake:2  | Noticed Nikola
 25801 | Snake:2  | Killed Nikola
 25978 | Snake:2  | Identified the +1 robe of Xosois {rF- Str+8 Int-4}
 26404 | Snake:2  | Noticed Jorgrun
 26415 | Snake:2  | Killed Jorgrun
 26416 | Snake:2  | Reached skill level 5 in Evocations
 26560 | Snake:3  | Noticed Saint Roka
 26588 | Snake:3  | Killed Saint Roka
 26589 | Snake:3  | Reached skill level 21 in Fighting
 26772 | Snake:3  | Reached XP level 18. HP: 123/182 MP: 8/17
 27618 | Snake:4  | Entered Level 4 of the Snake Pit
 27909 | Snake:4  | Identified the +1 ring mail "Topn" {Dex+5}
 28093 | Snake:4  | Reached skill level 22 in Fighting
 28468 | Snake:4  | Got a serpentine rune of Zot
 29228 | Vaults:1 | Entered Level 1 of the Vaults
 29740 | Vaults:1 | Reached XP level 19. HP: 162/193 MP: 18/18
 30878 | Vaults:2 | Reached skill level 23 in Fighting
 30961 | Vaults:2 | Reached skill level 10 in Evocations
 30964 | Vaults:2 | Noticed Sojobo
 31004 | Vaults:2 | Paralysed by an air elemental for 1 turns
 31004 | Vaults:2 | Slain by Sojobo

Illustrated notes

Levels and vault maps discovered:
D:1:      elethiomel_arrival_infinity_welcomes_careful_drivers, layout_basic,
          minmay_indecisive_spiral
D:2:      layout_basic
D:3:      layout_basic, serial_shops, shop, uniq_grinder
D:4:      layout_basic
D:5:      layout_loops_ring, nicolae_nh_oracle_at_delphi
D:6:      layout_loops_ring, mainiacjoe_overflow_surrounded_room,
          mainiacjoe_overflow_alcove_1, minmay_fractal_squares_gapless_5,
          uniq_menkaure
D:7:      minmay_the_grid_octo_2x2 [minmay_the_grid_octo_77,
          minmay_the_grid_octo_concentric, minmay_the_grid_octo_fan_narrow,
          minmay_the_grid_octo_prize_square_snowflake], layout_rooms,
          lemuel_mausoleum_altar_yredelemnul, minmay_temple_entry_waves,
          enter_bailey_3, serial_shops, nicolae_lakefront_shop,
          minmay_hollow_rounded_squares, uniq_joseph
D:8:      layout_rooms, mainiacjoe_overflow_24_doors,
          due_lair_maze_entry_diamond, nicolae_titane
D:9:      layout_layer_cave, serial_shops, nicolae_shop_tiny_waterfront,
          nicolae_shop_hallway_stairs
D:10:     layout_small_grid, led_sif_pool, eino_house_with_fridge
D:11:     layout_roguey, uniq_maurice, uniq_harold
D:12:     layout_cave_pools, zombieorc2_lemuel, serial_shops, shop,
          grunt_livestock
D:13:     layout_small_grid, hangedman_vaults_entry_quadrant_bands,
          nicolae_qazlal_scattered_showers
D:14:     layout_loops_ring, amethyst_killhole, grunt_ministairs_7,
          uniq_josephine
D:15:     hangedman_depths_entry_try_elsewhere_first, layout_loops_ring,
          minmay_fountain_box, serial_shops, shop, ashenzari_conservatory_becter
Temple:   sentei_temple_godly_chess
Lair:1:   hellmonk_ruined_rings, layout_cave_pods, lemuel_fruit_tree
Lair:2:   layout_gridlike, nicolae_snake_entry_warm_welcome, basic_altar,
          kennysheep_snail_temple, serial_bayou_shore_a, grunt_megastairs_1,
          serial_bayou_shore_b, uniq_fannar, uniq_nergalle
Lair:3:   layout_chaotic_city, minmay_swamp_entry_worms, beast_lair_carwin_11,
          uniq_rupert, uniq_gastronok, uniq_urug
Lair:4:   layout_misc_corridors, enter_volcano_1,
          portal_ice_cave_entry_pillars_2
Lair:5:   hellmonk_lair_end_abyssal_woods, layout_gridlike,
          minmay_slime_entry_pillars, uniq_sonja
Swamp:1:  layout_basic_swamp, evilmike_swamp_ruin_house_3, swamp_pool5,
          uniq_mlioglotl
Swamp:2:  layout_basic_swamp, evilmike_swamp_ruin_house_4
Swamp:3:  layout_basic_swamp, evilmike_swamp_ruin_house_5, swamp_pool2
Swamp:4:  swamp_alternative, layout_basic_swamp, swamp_pool2,
          infiniplex_staircase_pool
Snake:1:  layout_honeycomb, nicolae_snake_squiggles, grunt_ministairs_15,
          st_stairs_3, nicolae_snake_horde_hoard, grunt_megastairs_5,
          uniq_roxanne
Snake:2:  layout_grid_maze, uniq_jorgrun, uniq_frances, uniq_nikola
Snake:3:  layout_concentric_octagons, nicolae_snake_springs, uniq_saint_roka
Snake:4:  johnstein_snake_rune_scales, layout_cave_town
Orc:1:    layout_caves, serial_shops, shop, trog_butcher_becter, uniq_snorg
Orc:2:    pf_orc_diabolical, layout_diamond_mine, serial_shops,
          nicolae_shop_just_a_little_nook, statue_in_the_mist_lemuel
Vaults:1: v_alt_pattern_6, hangedman_vaults_stagger,
          nicolae_vaults_security_offices_5, vaults_room_fours,
          hangedman_vaults_slice, ontoclasm_vaults_spin,
          nicolae_vaults_storage_room_water, vaults_room_grunt_arrival_ludios,
          grunt_vaults_hallway_long, nicolae_vaults_tangram_1,
          grunt_vaults_hallway_long, layout_vaults_omnigrid
Vaults:2: st_greater_box_1, minmay_crypt_entry_simple_walls,
          nicolae_vaults_little_squares_4, hangedman_vaults_maws,
          vaults_standard_mumra_x, vaults_room_fours, v_misc_30,
          nicolae_vaults_tetromino_T_2, vaults_dpeg_ring,
          nicolae_vaults_six-pack, v_misc_5, ontoclasm_vaults_decontamination,
          layout_vaults_omnicross, uniq_sojobo

Skill      XL: |  1  2  3  4  5  6  7  8  9 10 11 12 13 14 15 16 17 18 19 |
---------------+----------------------------------------------------------+-----
Axes           | 3 4 5 7 9 11 13 14 15 17 18 19 20 21 | 21.5
Fighting       | 6 9 11 12 14 16 17 19 21 22 23 | 23.1
Armour         | 6 9 11 12 14 16 17 19 20 | 20.0
Shields        | 6 9 10 12 13 | 13.7
Throwing       | 4 8 10 | 10.0
Evocations     | 6 9 10 | 10.1

Action                     |  1- 3 |  4- 6 |  7- 9 | 10-12 | 13-15 | 16-18 | 19-21 || total
---------------------------+-------+-------+-------+-------+-------+-------+-------++-------
  Melee: War axe           |    74 |    54 |   275 |   128 |       |       |       ||   531
         Headbutt          |    11 |     6 |    53 |    91 |   198 |   264 |    33 ||   656
         Executioner's axe |       |       |       |   159 |       |       |       ||   159
         Broad axe         |       |       |       |   154 |   886 |  1069 |   161 ||  2270
  Throw: Boomerang         |       |       |       |       |       |     3 |       ||     3
 Invoke: Potion Petition   |       |       |       |       |     2 |     5 |     1 ||     8
  Evoke: Wand              |       |       |     2 |     3 |     2 |       |       ||     7
    Use: Scroll            |       |    11 |     8 |    13 |     8 |     3 |       ||    43
         Potion            |       |       |     1 |       |     4 |     4 |       ||     9
   Stab: Distracted        |       |       |       |     8 |    10 |     8 |     2 ||    28
         Confused          |       |       |       |       |       |     3 |       ||     3
         Invisible         |       |       |       |       |       |     4 |     1 ||     5
 Armour: Scale mail        |    29 |     7 |       |       |       |       |       ||    36
         Plate armour      |       |    18 |   146 |   291 |   398 |   534 |   109 ||  1496
  Dodge: Dodged            |    55 |    39 |    87 |   136 |   181 |   334 |    72 ||   904
  Block: Buckler           |    23 |     7 |    62 |    29 |       |       |       ||   121
         Kite shield       |       |       |       |    72 |   495 |   728 |    88 ||  1383
         Reflection        |       |       |       |       |       |    75 |     1 ||    76
